Unix NetHack Version 5.0.0-0 post-release - last build May 31 2026 23:59:36 (970b52f25bf058293b47ddfd14a1e40e571c508c,branch:main).

Game began 2026-06-04 13:52:32, ended 2026-06-04 14:13:11.

DaveT, lawful male human Priest

                                                                 -----------
                                                                 |.........|
                                                                 |........<|
                                                                 ---------|-
                                                                        ###
                                                                        #
                                                                        #
                                                                        #
                                                                        #
                                                                       ##
                                                                      ##
                                                    --------          #
                                                    |......|          #
                                                    +......|# `##############
                                                    |......(#      ---.-----.-
                                                    |......|#######..........|
                                                    |......|       |.........|
                                                    |.....@|       |..>......|
                                                    --------       -----------

DaveT the Adept              St:13 Dx:14 Co:14 In:8 Wi:18 Ch:9  Lawful
Dlvl:5  $:137 HP:0(46) Pw:86(86) AC:3  Xp:6 T:3709  Blind

Latest messages:
 p - a pair of old gloves.
 What do you want to wear? [pq or ?*] p
 You finish your dressing maneuver.
 You see here a magenta spellbook.
 r - a magenta spellbook.
 What do you want to read? [horxO or ?*] r
 A cloud of darkness falls upon you.
 You can move again.
 You feel an unseen monster!
 It just misses!
 You miss it.
 You miss it.
 You hit it.
 You miss it.
 You miss it.
 You hit it.
 You miss it.
 You hit it.
 You miss it.
 You hit it.
 You kill it!
 Welcome to experience level 6.
 You hear convulsive ravings.
 You are in full health.
 It hits!
 You stop waiting.
 It misses!
 You hit it.
 It hits!
 It hits!
 You miss it.
 It hits!
 It hits!
 It hits!
 You hit it.
 It hits!
 You hit it.
 It is hit.
 It is missed.
 You are hit.
 You hear someone reading a scroll of teleportation.
 It misses!
 Are you sure you want to pray? [yn] (n) y
 You begin praying to Anu.
 It just misses!
 It is hit.
 It hits!
 You die...
 Do you want your possessions identified? [ynq] (y) y
 Do you want to see your attributes? [ynq] (y) q

Inventory:
 Coins    ('$')
  $ - 137 gold pieces
 Weapons  (')')
  m - a cursed +0 boomerang
  n - 6 +0 darts (at the ready)
  i - a +0 elven dagger
  a - a blessed +1 mace (weapon in right hand)
 Armor    ('[')
  q - a +0 cornuthaum
  p - a +0 pair of leather gloves (being worn)
  C - a burnt +0 pair of water walking boots (being worn)
  V - a +0 shield of shock resistance (being worn)
  c - a +0 small shield
  Z - a +0 oilskin cloak
  b - a +0 robe (being worn)
  D - a blessed +0 studded leather armor (being worn)
 Comestibles  ('%')
  e - a clove of garlic
  j - a food ration
  f - 2 sprigs of wolfsbane
 Scrolls  ('?')
  x - a cursed scroll of create monster
  O - a cursed scroll of fire
  o - a scroll of magic mapping
  h - a scroll of teleportation
 Spellbooks  ('+')
  r - a spellbook of sleep
 Potions  ('!')
  Q - a potion of sleeping
  l - a potion of speed
  d - 3 potions of holy water
  K - a potion of water
 Wands    ('/')
  s - a wand of light (1:11)
 Tools    ('(')
  B - an empty bag of holding
  P - a skeleton key
  v - a towel

DaveT the Priest's attributes:

Background:
 You were an Adept, a level 6 human Priest.
 You were lawful, on a mission for Anu
 who was opposed by Ishtar (neutral) and Anshar (chaotic).
 You were right-handed.
 You were in the Dungeons of Doom, on level 5.
 You entered the dungeon 3709 turns ago.
 You had 325 experience points, 315 more were needed to attain level 7.

Basics:
 You had 0 out of 46 hit points.
 You had all 86 energy points (spell power).
 Your armor class was 3.
 Your wallet contained 137 zorkmids.
 Autopickup was off.

Final Characteristics:
 Your strength was 13 (limit:18/100).
 Your dexterity was 14 (limit:18).
 Your constitution was 14 (limit:18).
 Your intelligence was 8 (limit:18).
 Your wisdom was 18 (limit:18).
 Your charisma was 9 (limit:18).

Final Status:
 You were temporarily blind.
 You weren't hungry.
 You were unencumbered.
 You were wielding a mace.
 You had basic skill with mace and could have enhanced that.

Final Attributes:
 You were piously aligned.
 You were shock resistant.
 Your items were protected from electric shocks.
 You could walk on water.
 You were guarded.
 Your spell casting was enhanced by wearing a robe.
 You are dead.

Miscellaneous:
 You didn't encounter any bones levels.
 Total elapsed playing time was 20 minutes and 39 seconds.

Major events:
 Turn
    1: DaveT the lawful human Priest entered the dungeon
 1001: attained the rank of Acolyte (level 3)
 3573: attained the rank of Adept (level 6)
 3709: killed by an Uruk-hai, while praying

Spells:
 Name                 Level Category     Fail Retention
 light                  1   clerical       0%   81%-90%
 detect food            2   divination    19%  76%-100%

Skills:
 Fighting Skills
   bare handed combat [Unskilled]
 Weapon Skills
   club               [Unskilled]
   mace               [Basic]
   morning star       [Unskilled]
   flail              [Unskilled]
   hammer             [Unskilled]
   quarterstaff       [Unskilled]
   polearms           [Unskilled]
   spear              [Unskilled]
   trident            [Unskilled]
   lance              [Unskilled]
   bow                [Unskilled]
   sling              [Unskilled]
   crossbow           [Unskilled]
   dart               [Unskilled]
   shuriken           [Unskilled]
   boomerang          [Unskilled]
   unicorn horn       [Unskilled]
 Spellcasting Skills
   healing spells     [Unskilled]
   divination spells  [Unskilled]
   clerical spells    [Basic]

Voluntary challenges:
 Character rerolling was not enabled.
 You never genocided any monsters.
 You never polymorphed an object.
 You never changed form.
 You used no wishes.
Achievements:
 You attained the rank of Acolyte.
 You entered a shop.
 You attained the rank of Adept.

 The Dungeons of Doom: levels 1 to 6
    Level 1: "vault & Hether ghost"
       A sink.
    Level 2:
       A potion shop, a fountain.
    Level 3:
       A general store, a fountain.
    Level 4:
       A potion shop, a sink.
    Level 5: <- You were here.
       Final resting place for
          you, killed by an Uruk-hai, while praying.
    Level 6:


Vanquished creatures:
  a large mimic
  a rock piercer
  a fog cloud
  a gnome leader
  a giant ant
  a floating eye
  a kitten
  a kobold shaman
  4 rothes
  a centipede
  a monkey
  2 dwarf zombies
  2 wererats
 an iguana
  2 coyotes
  a gas spore
  2 giant rats
  a brown mold
  3 yellow molds
  a green mold
  a red mold
  a gnome
  a gnome zombie
  5 geckos
  a jackal
  a fox
  2 kobolds
  a sewer rat
  2 grid bugs
 10 lichens
  2 kobold zombies
  9 newts
65 creatures vanquished.

No species were genocided or became extinct.

Game over:
                       ----------
                      /          \
                     /    REST    \
                    /      IN      \
                   /     PEACE      \
                  /                  \
                  |      DaveT       |
                  |      137 Au      |
                  |   killed by an   |
                  |     Uruk-hai     |
                  |                  |
                  |                  |
                  |       2026       |
                 *|     *  *  *      | *
        _________)/\\_//(\/(/\)/\//\/|_)_______

Goodbye DaveT the Priest...

You died in The Dungeons of Doom on dungeon level 5 with 1734 points,
and 137 pieces of gold, after 3709 moves.
You were level 6 with a maximum of 46 hit points when you died.

